 Dungeon Crawl Stone Soup version 0.19.1 (webtiles) character file.

746 kae the Slasher (level 8, 0/63 HPs)
             Began as a Formicid Fighter on Dec 26, 2016.
             Succumbed to a worker ant's poison
             ... on level 5 of the Dungeon.
             The game lasted 00:05:00 (4799 turns).

kae the Slasher (Formicid Fighter)                  Turns: 4799, Time: 00:05:01

Health: 0/63       AC:  7    Str: 22    XL:     8   Next: 5%
Magic:  8/8        EV:  8    Int:  9    God:
Gold:   207        SH: 10    Dex: 10    Spells: 0 memorised, 7 levels left

rFire  . . .     SeeInvis +     w - +1 falchion
rCold  . . .     Gourm    .     b - +0 scale mail
rNeg   . . .     Faith    .     c - +0 shield
rPois  .         Spirit   .     (helmet unavailable)
rElec  .         Reflect  .     (no cloak)
rCorr  .         Harm     .     (no gloves)
MR     .....                    (no boots)
Stlth  ..........               (no amulet)
                                (no ring)
                                (no ring)

@: lethally poisoned (0 -> -20)
A: permanent stasis, dig shafts and tunnels, four strong arms, antennae 3
a: Dig, Shaft Self


You were on level 5 of the Dungeon.
You were not hungry.

You visited 2 branches of the dungeon, and saw 6 of its levels.

You collected 207 gold pieces.

Inventory:

Hand Weapons
 a - a +0 long sword
 r - a +0 scimitar
 w - a +1 falchion (weapon)
Armour
 b - a +0 scale mail (worn)
 c - a +0 shield (worn)
 g - a +0 pair of boots
 m - a +2 pair of gloves
Jewellery
 z - an uncursed ring of ice
Wands
 s - a wand of slowing (48/48)
 B - a wand of disintegration (14/24)
Scrolls
 i - 2 scrolls of remove curse
 q - a scroll of immolation
 u - a scroll of enchant weapon
 A - 2 scrolls of fear
Potions
 d - 3 potions of might
 e - 2 potions of mutation
 j - 2 potions of brilliance
 n - 2 potions of magic
 p - a potion of cancellation {unknown}
 v - 2 potions of lignification
Comestibles
 f - 3 bread rations
 h - a royal jelly
 k - a chunk of flesh
 o - a meat ration
 t - a slice of pizza


   Skills:
 + Level 5.4 Fighting
 * Level 5.7 Long Blades
 + Level 5.0 Armour
 + Level 5.6 Shields


You had 7 spell levels left.
You didn't know any spells.

Dungeon Overview and Level Annotations

Branches:
Dungeon (5/15)             Temple (1/1) D:4

Altars:
Ashenzari
Dithmenos
Fedhas
Kikubaaqudgha
Makhleb
Sif Muna
Uskayaw
Vehumet
Xom
Zin


Innate Abilities, Weirdness & Mutations

You are under a permanent stasis effect.
You can dig through walls and to a lower floor.
Your four strong arms can wield two-handed weapons with a shield.
You have a pair of large antennae on your head. (SInv)


Message History

The worker ant is lightly wounded.
You feel sick. The worker ant bites you.
* * * LOW HITPOINT WARNING * * *
You are lethally poisoned!
The worker ant poisons you!
You hit the worker ant but do no damage.
The worker ant is lightly wounded.
* * * LOW HITPOINT WARNING * * *
You feel sick. The worker ant bites you.
* * * LOW HITPOINT WARNING * * *
You are more poisoned.
The worker ant poisons you! The worker ant bites you.
* * * LOW HITPOINT WARNING * * *
You closely miss the worker ant.
The worker ant is lightly wounded.
* * * LOW HITPOINT WARNING * * *
You feel sick. You block the worker ant's attack.
You hit the worker ant.
The worker ant is moderately wounded.
You die...

######## #......>#
#......####<#..##)#
#.........#.#..##.#
#.......†.'.......#
#.........#########
#.........#
######....# #..a.#
#..@.# #..!...#
#........#
#......./#
#........#
#......### #......#
#......#


You could see a worker ant.

Vanquished Creatures
  Sigmund (D:3)
  A phantom (D:4)
  A scorpion (D:4)
  A hound (D:4)
  A jelly (D:5)
  Natasha (thrice) (D:2)
  An iguana (D:3)
  A worker ant (D:4)
  Robin (D:2)
  A howler monkey skeleton (D:4)
  4 adders
  8 gnolls
  7 worms
  2 dart slugs (D:1)
  3 leopard geckos
  2 orcs
  5 giant cockroaches
  25 goblins
  16 hobgoblins
  7 kobolds
  3 quokkas
  10 bats
  4 frilled lizards
  A jackal skeleton (D:4)
  A leopard gecko skeleton (D:5)
  3 rats
113 creatures vanquished.

Notes
Turn   | Place    | Note
-------+----------+-------------------------------------------
     0 | D:1      | kae the Formicid Fighter began the quest for the Orb.
     0 | D:1      | Reached XP level 1. HP: 18/18 MP: 1/1
    51 | D:1      | Reached XP level 2. HP: 20/24 MP: 2/2
   125 | D:1      | Reached XP level 3. HP: 15/29 MP: 3/3
   931 | D:2      | Reached XP level 4. HP: 31/36 MP: 4/4
  1157 | D:2      | Found a shadowy altar of Dithmenos.
  1228 | D:2      | Noticed Natasha
  1240 | D:2      | Killed Natasha
  1240 | D:2      | Reached XP level 5. HP: 21/42 MP: 5/5
  1527 | D:2      | Noticed Robin
  1587 | D:2      | Killed Robin
  1864 | D:2      | Noticed Natasha
  1882 | D:2      | Killed Natasha
  2255 | D:2      | Noticed Natasha
  2268 | D:2      | Killed Natasha
  2268 | D:2      | Reached XP level 6. HP: 37/49 MP: 6/6
  2370 | D:2      | Found a faded altar of an unknown god.
  2370 | D:2      | Found a faded altar of an unknown god.
  2375 | D:2      | Found a faded altar of an unknown god.
  2377 | D:2      | Found a hide-covered altar of Uskayaw.
  2379 | D:2      | Found a faded altar of an unknown god.
  2968 | D:3      | Noticed Sigmund
  2988 | D:3      | Killed Sigmund
  2988 | D:3      | Reached skill level 5 in Shields
  2988 | D:3      | Reached XP level 7. HP: 27/55 MP: 7/7
  3632 | D:4      | Reached skill level 5 in Long Blades
  3679 | D:4      | Reached skill level 5 in Fighting
  3937 | D:4      | Found a staircase to the Ecumenical Temple.
  3976 | Temple   | Entered the Ecumenical Temple
  4584 | D:4      | Reached XP level 8. HP: 56/62 MP: 8/8
  4722 | D:5      | Entered Level 5 of the Dungeon
  4783 | D:5      | Reached skill level 5 in Armour
  4788 | D:5      | HP: 3/63 [worker ant (4)]
  4798 | D:5      | HP: 2/63 [poisoned by a worker ant]
  4799 | D:5      | Succumbed to a worker ant's poison

Skill      XL: |  1  2  3  4  5  6  7  8 |
---------------+-------------------------+-----
Long Blades    | 3 4 5 |  5.7
Shields        | 4 5 |  5.6
Armour         | 4 5 |  5.0
Fighting       | 4 5 |  5.4

Action                   |  1- 3 |  4- 6 |  7- 9 || total
-------------------------+-------+-------+-------++-------
Melee: Long sword        |   114 |   171 |       ||   285
       Falchion          |       |    99 |   154 ||   253
 Abil: Dig               |     1 |     6 |     1 ||     8
  Use: Scroll            |       |       |    14 ||    14
       Potion            |       |       |     1 ||     1
  Eat: Chunk             |       |     8 |     6 ||    14
Armor: Scale mail        |    50 |    98 |    34 ||   182
Dodge: Dodged            |    43 |    87 |    31 ||   161
Block: Shield            |    62 |   139 |    63 ||   264
       Rpst.: Long sword |    15 |    24 |       ||    39
       Falchion          |       |     6 |     9 ||    15
